SA
WALLA WALLA WALLEYE @ BELLEVUE BRUINS
06/22/2029
 
TOP OF THE 1ST
Walla Walla Walleye batting - Pitching for Bellevue Bruins : RHP Loren Berdine
Pitching: RHP Loren Berdine
Batting: RHB Olubowale Akintimehin 0-0: Ball
1-0: Foul Ball, location: 2F
1-1: Called Strike
1-2: Strikes out swinging, 2-3 out at first.
Batting: LHB Johan Kroening 0-0: Ball
1-0: Ball
2-0: Ball
3-0: Called Strike
3-1: Called Strike
3-2: SINGLE (Groundball, 34S) (infield hit)
Batting: RHB Ramón Yniguez 0-0: Called Strike
0-1: Ball
1-1: Ball
Johan Kroening steals 2nd base
2-1: Ball
3-1: Base on Balls
Pitching: RHP Jerry Kumpf
Batting: RHB Luis Delvalle 0-0: Ball
1-0: Ball
2-0: Foul Ball, location: 2F
2-1: Foul Ball, location: 2F
2-2: Strikes out looking
Batting: RHB Héctor Espiga 0-0: Ball
1-0: Ball
2-0: Foul Ball, location: 2F
2-1: Swinging Strike
2-2: Strikes out swinging
Top of the 1st over - 0 runs, 1 hit, 0 errors, 2 left on base; Walla Walla 0 - Bellevue 0
BOTTOM OF THE 1ST
Bellevue Bruins batting - Pitching for Walla Walla Walleye : RHP Sjoerd Reynoud
Pitching: RHP Sjoerd Reynoud
Batting: LHB Juan Romero 0-0: Ball
1-0: Foul Ball, location: 2F
1-1: Bunt for hit - play at first, batter safe!
Batting: RHB Ryan Faulkner 0-0: Called Strike
0-1: Ball
1-1: Fielders Choice at 2nd, 6-4 (Groundball, 6)
Batting: SHB Júlio Morín Jr. 0-0: Ball
1-0: Fly out, F6 (Popup, 6M)
Batting: SHB Aurelio Jiménez 0-0: Ball
1-0: SINGLE (Line Drive, 7S)
Ryan Faulkner to second
Batting: RHB Miguel Elías 0-0: Called Strike
0-1: Fly out, F6 (Line Drive, 6)
Bottom of the 1st over - 0 runs, 2 hits, 0 errors, 2 left on base; Walla Walla 0 - Bellevue 0
TOP OF THE 2ND
Walla Walla Walleye batting - Pitching for Bellevue Bruins : RHP Jerry Kumpf
Batting: RHB Tabor Muzquiz 0-0: Swinging Strike
0-1: Called Strike
0-2: Ball
1-2: Strikes out swinging
Batting: RHB José de la Cavallería 0-0: Called Strike
0-1: Ball
1-1: Foul Ball, location: 2F
1-2: Ball
2-2: Ball
3-2: SOLO HOME RUN (Line Drive, 7LD), Distance : 372 ft
Batting: RHB Rex Criscuolo 0-0: Ball
1-0: Ball
2-0: Ball
3-0: Base on Balls
Batting: LHB Mo Eayrs 0-0: SINGLE (Flyball, 89M)
Rex Criscuolo to second
Batting: RHB Olubowale Akintimehin 0-0: SINGLE (Line Drive, 4D)
Rex Criscuolo to third
Mo Eayrs to second
Batting: LHB Johan Kroening 0-0: Ball
1-0: Ball
2-0: Called Strike
2-1: Ball
3-1: Fly out, F8 (Flyball, 8RS)
Runner from 3rd tags up, SCORES, no throw
Batting: RHB Ramón Yniguez 0-0: Ball
1-0: Ball
2-0: Called Strike
2-1: Foul Ball, location: 2F
2-2: Ball
3-2: Strikes out swinging
Top of the 2nd over - 2 runs, 3 hits, 0 errors, 2 left on base; Walla Walla 2 - Bellevue 0
BOTTOM OF THE 2ND
Bellevue Bruins batting - Pitching for Walla Walla Walleye : RHP Sjoerd Reynoud
Batting: LHB David Muller 0-0: Ball
1-0: Ball
2-0: Called Strike
2-1: Ground out 4-3 (Groundball, 4)
Batting: LHB Domingo Colón 0-0: TRIPLE (Groundball, 5L)
Batting: RHB Ramón Ramírez 0-0: Ball
1-0: Ground out 6-3 (Groundball, 6S)
Domingo Colón scores
Batting: SHB Paul Maddox 0-0: Ball
1-0: Called Strike
1-1: Ball
2-1: Ball
3-1: Base on Balls
Batting: LHB Juan Romero 0-0: Called Strike
0-1: Fielders Choice at 2nd, U4 (Groundball, 4M)
Bottom of the 2nd over - 1 run, 1 hit, 0 errors, 1 left on base; Walla Walla 2 - Bellevue 1
TOP OF THE 3RD
Walla Walla Walleye batting - Pitching for Bellevue Bruins : RHP Jerry Kumpf
Batting: RHB Luis Delvalle 0-0: Ball
1-0: Called Strike
1-1: Swinging Strike
1-2: Ball
2-2: Strikes out looking
Batting: RHB Héctor Espiga 0-0: Ball
1-0: Ball
2-0: Swinging Strike
2-1: Ball
3-1: Foul Ball, location: 2F
3-2: Foul Ball, location: 2F
3-2: Foul Ball, location: 2F
3-2: Strikes out swinging
Batting: RHB Tabor Muzquiz 0-0: SINGLE (Line Drive, 8LS)
Batting: RHB José de la Cavallería 0-0: Foul Ball, location: 2F
0-1: Ball
1-1: Called Strike
1-2: Ball
2-2: Ball
3-2: Strikes out looking
Top of the 3rd over - 0 runs, 1 hit, 0 errors, 1 left on base; Walla Walla 2 - Bellevue 1
BOTTOM OF THE 3RD
Bellevue Bruins batting - Pitching for Walla Walla Walleye : RHP Sjoerd Reynoud
Batting: RHB Ryan Faulkner 0-0: Fly out, F8 (Flyball, 78D)
Batting: SHB Júlio Morín Jr. 0-0: Ball
1-0: Fly out, F3 (Popup, 34)
Batting: SHB Aurelio Jiménez 0-0: Ball
1-0: Called Strike
1-1: Ball
2-1: Fly out, F2 (Popup, 25F)
Bottom of the 3rd over - 0 runs, 0 hits, 0 errors, 0 left on base; Walla Walla 2 - Bellevue 1
TOP OF THE 4TH
Walla Walla Walleye batting - Pitching for Bellevue Bruins : RHP Jerry Kumpf
Batting: RHB Rex Criscuolo 0-0: Ball
1-0: Swinging Strike
1-1: Foul Ball, location: 2F
1-2: Foul Ball, location: 2F
1-2: Ball
2-2: Strikes out swinging
Batting: LHB Mo Eayrs 0-0: Ball
1-0: Foul Ball, location: 2F
1-1: Swinging Strike
1-2: Strikes out swinging
Batting: RHB Olubowale Akintimehin 0-0: Ball
1-0: Fly out, F9 (Flyball, 89S)
Top of the 4th over - 0 runs, 0 hits, 0 errors, 0 left on base; Walla Walla 2 - Bellevue 1
BOTTOM OF THE 4TH
Bellevue Bruins batting - Pitching for Walla Walla Walleye : RHP Sjoerd Reynoud
Batting: RHB Miguel Elías 0-0: Swinging Strike
0-1: Ball
1-1: Fly out, F3 (Popup, 34S)
Batting: LHB David Muller 0-0: Ball
1-0: Called Strike
1-1: Ball
2-1: Ball
3-1: Ground out 4-3 (Groundball, 4)
Batting: LHB Domingo Colón 0-0: Fly out, F3 (Line Drive, 3L)
Bottom of the 4th over - 0 runs, 0 hits, 0 errors, 0 left on base; Walla Walla 2 - Bellevue 1
TOP OF THE 5TH
Walla Walla Walleye batting - Pitching for Bellevue Bruins : RHP Jerry Kumpf
Batting: LHB Johan Kroening 0-0: Called Strike
0-1: Ball
1-1: Called Strike
1-2: Ball
2-2: Foul Ball, location: 2F
2-2: Ball
3-2: Foul Ball, location: 2F
3-2: SINGLE (Flyball, 8RS)
Batting: RHB Ramón Yniguez 0-0: SINGLE (Groundball, 56D)
Johan Kroening to second
Batting: RHB Luis Delvalle 0-0: Ball
1-0: Called Strike
1-1: Fly out, F7 (Flyball, 7LD)
Pitching: RHP Shawn Lyons
Batting: RHB Héctor Espiga 0-0: Called Strike
0-1: Called Strike
0-2: Foul Ball, location: 2F
0-2: Ball
1-2: SINGLE (Flyball, 78S)
Johan Kroening to third
Ramón Yniguez to second
Runner from 3rd tries for Home, SAFE, no throw
Batting: RHB Tabor Muzquiz 0-0: Swinging Strike
0-1: Fly out, F7 (Line Drive, 7)
Batting: RHB José de la Cavallería 0-0: Called Strike
0-1: Swinging Strike
0-2: Strikes out swinging
Top of the 5th over - 1 run, 3 hits, 0 errors, 2 left on base; Walla Walla 3 - Bellevue 1
BOTTOM OF THE 5TH
Bellevue Bruins batting - Pitching for Walla Walla Walleye : RHP Sjoerd Reynoud
Batting: RHB Ramón Ramírez 0-0: Fly out, F3 (Line Drive, 3S)
Batting: SHB Paul Maddox 0-0: Foul Ball, location: 2F
0-1: Foul Ball, location: 2F
0-2: Ball
1-2: Strikes out swinging
Batting: LHB Juan Romero 0-0: Ball
1-0: Swinging Strike
1-1: Ball
2-1: Foul Ball, location: 2F
2-2: Ball
3-2: Fly out, F9 (Flyball, 9S)
Bottom of the 5th over - 0 runs, 0 hits, 0 errors, 0 left on base; Walla Walla 3 - Bellevue 1
TOP OF THE 6TH
Walla Walla Walleye batting - Pitching for Bellevue Bruins : RHP Shawn Lyons
Batting: RHB Rex Criscuolo 0-0: Ball
1-0: Ball
2-0: Foul Ball, location: 2F
2-1: Ball
3-1: Foul Ball, location: 2F
3-2: Strikes out looking
Batting: LHB Mo Eayrs 0-0: Ball
1-0: Called Strike
1-1: Ball
2-1: Ball
3-1: Base on Balls
Batting: RHB Olubowale Akintimehin 0-0: Swinging Strike
0-1: Ball
1-1: Called Strike
1-2: Foul Ball, location: 2F
1-2: Ball
2-2: Fly out, F7 (Flyball, 78D)
Batting: LHB Johan Kroening 0-0: Called Strike
0-1: Foul Ball, location: 2F
0-2: Strikes out looking
Top of the 6th over - 0 runs, 0 hits, 0 errors, 1 left on base; Walla Walla 3 - Bellevue 1
BOTTOM OF THE 6TH
Bellevue Bruins batting - Pitching for Walla Walla Walleye : RHP Sjoerd Reynoud
Batting: RHB Ryan Faulkner 0-0: Ball
1-0: Called Strike
1-1: Reached on error, E6 (Groundball, 6D)
Batting: SHB Júlio Morín Jr. 0-0: Ball
1-0: Ball
2-0: Called Strike
2-1: Ball
3-1: Base on Balls
Batting: SHB Aurelio Jiménez 0-0: Called Strike
0-1: Ball
1-1: Ball
2-1: Ball
3-1: Foul Ball, location: 2F
3-2: 3-RUN HOME RUN (Flyball, 7D), Distance : 413 ft
Batting: RHB Miguel Elías 0-0: Ball
1-0: Called Strike
1-1: Swinging Strike
1-2: Strikes out looking
Batting: LHB David Muller 0-0: Called Strike
0-1: Ball
1-1: Ball
2-1: Ball
3-1: Fly out, F7 (Flyball, 7S)
Batting: LHB Domingo Colón 0-0: Called Strike
0-1: Fly out, F9 (Flyball, 89D)
Bottom of the 6th over - 3 runs, 1 hit, 1 error, 0 left on base; Walla Walla 3 - Bellevue 4
TOP OF THE 7TH
Walla Walla Walleye batting - Pitching for Bellevue Bruins : RHP Shawn Lyons
Batting: RHB Ramón Yniguez 0-0: Foul Ball, location: 2F
0-1: Ball
1-1: Ball
2-1: Ball
3-1: Called Strike
3-2: Fly out, F9 (Line Drive, 89S)
Batting: RHB Luis Delvalle 0-0: Ground out 5-3 (Groundball, 56)
Batting: RHB Héctor Espiga 0-0: Ball
1-0: Fly out, F8 (Flyball, 8LD)
Top of the 7th over - 0 runs, 0 hits, 0 errors, 0 left on base; Walla Walla 3 - Bellevue 4
BOTTOM OF THE 7TH
Bellevue Bruins batting - Pitching for Walla Walla Walleye : RHP Sjoerd Reynoud
Batting: RHB Ramón Ramírez 0-0: Ball
1-0: Ground out 6-3 (Groundball, 6)
Batting: SHB Paul Maddox 0-0: Fly out, F9 (Flyball, 9)
Batting: LHB Juan Romero 0-0: Ground out 5-3 (Groundball, 5)
Bottom of the 7th over - 0 runs, 0 hits, 0 errors, 0 left on base; Walla Walla 3 - Bellevue 4
TOP OF THE 8TH
Walla Walla Walleye batting - Pitching for Bellevue Bruins : RHP Shawn Lyons
Batting: RHB Tabor Muzquiz 0-0: Called Strike
0-1: Foul Ball, location: 2F
0-2: Strikes out swinging
Batting: RHB José de la Cavallería 0-0: Swinging Strike
0-1: Called Strike
0-2: Foul Ball, location: 2F
0-2: Ball
1-2: Ball
2-2: Strikes out swinging
Batting: RHB Rex Criscuolo 0-0: Ball
1-0: Swinging Strike
1-1: Called Strike
1-2: Ball
2-2: Ground out U3 (Groundball, 3)
Top of the 8th over - 0 runs, 0 hits, 0 errors, 0 left on base; Walla Walla 3 - Bellevue 4
BOTTOM OF THE 8TH
Bellevue Bruins batting - Pitching for Walla Walla Walleye : RHP Sjoerd Reynoud
Batting: RHB Ryan Faulkner 0-0: Hit by Pitch
Batting: SHB Júlio Morín Jr. 0-0: Called Strike
0-1: Called Strike
0-2: Grounds into double play, 4-6-3 (Groundball, 4)
Batting: SHB Aurelio Jiménez 0-0: Foul Ball, location: 2F
0-1: Ball
1-1: Ball
2-1: Ball
3-1: Fly out, F9 (Flyball, 89S)
Bottom of the 8th over - 0 runs, 0 hits, 0 errors, 0 left on base; Walla Walla 3 - Bellevue 4
TOP OF THE 9TH
Walla Walla Walleye batting - Pitching for Bellevue Bruins : RHP Shawn Lyons
Pitching: RHP Brendan Haataja
Pinch Hitting: RHB Cody Jaeckel 0-0: Swinging Strike
0-1: Foul Ball, location: 2F
0-2: Ball
1-2: Strikes out swinging
Batting: RHB Olubowale Akintimehin 0-0: Ground out 5-3 (Groundball, 56)
Batting: LHB Johan Kroening 0-0: Called Strike
0-1: SINGLE (Groundball, 4M)
Batting: RHB Ramón Yniguez 0-0: Ball
1-0: Foul Ball, location: 2F
1-1: Ball
2-1: SINGLE (Groundball, 5D)
Johan Kroening to second
Runner from 2nd tries for 3rd, OUT!
Top of the 9th over - 0 runs, 2 hits, 0 errors, 1 left on base; Walla Walla 3 - Bellevue 4
Tuesday, December 19th, 2017 - OOTP Baseball 18.8 Build 76